Map: Scythe of Amon

Players

Sushibox

  • Race: Protoss Protoss
  • Spawn Location: 5:00

NamroodTuo

  • Race: Terran Terran
  • Spawn Location: 5:00

VOD

Have the link to the VOD?

Description

Time

  • Played on: March 31, 2023, 2:21 a.m.
  • Length: 28:14
Show
View Real Time Build Order
Export as new Build Order

Sushibox Protoss 

Build Orders:  

Get SALT Encoding   

  12  0:24  Pylon  
  12  0:59  Probe (Chrono Boost)  
  12  1:07  Pylon  
  13  1:11  Probe (Chrono Boost)  
  14  1:23  Probe (Chrono Boost)  
  15  1:30  Forge  
  15  1:33  Assimilator  
  15  1:35  Probe (Chrono Boost)  
  16  1:45  Assimilator  
  16  1:47  Probe (Chrono Boost)  
  17  1:59  Probe (Chrono Boost)  
  18  2:11  Probe (Chrono Boost)  
  19  2:23  Probe (Chrono Boost)  
  20  2:35  Probe (Chrono Boost), Pylon  
  21  2:47  Probe (Chrono Boost)  
  21  2:59  Probe (Chrono Boost)  
  22  3:07  Photon Cannon  
  23  3:11  Probe (Chrono Boost)  
  23  3:13  Photon Cannon  
  24  3:20  Photon Cannon  
  24  3:23  Probe (Chrono Boost)  
  24  3:24  Enhanced Targeting  
  25  3:35  Probe (Chrono Boost)  
  26  4:14  Probe (Chrono Boost), Optimized Ordinance  
  27  4:26  Probe (Chrono Boost)  
  28  4:31  Photon Cannon  
  28  4:42  Photon Cannon  
  28  4:52  Pylon  
  28  4:58  Photon Cannon  
  28  5:02  Photon Cannon  
  28  5:04  Photon Cannon  
  28  5:22  Pylon  
  28  5:33  Pylon  
  28  5:39  Photon Cannon  
  28  5:41  Photon Cannon  
  28  5:59  Photon Cannon  
  28  6:13  Pylon  
  28  6:16  Photon Cannon  
  28  6:28  Photon Cannon  
  28  6:39  Photon Cannon  
  28  6:55  Photon Cannon  
  28  7:35  Pylon  
  28  7:40  Photon Cannon  
  28  7:43  Photon Cannon  
  28  7:49  Photon Cannon  
  28  7:56  Photon Cannon  
  27  9:05  Pylon  
  27  9:10  Photon Cannon  
  27  9:13  Photon Cannon  
  27  9:15  Photon Cannon  
  27  9:19  Photon Cannon  
  27  9:25  Photon Cannon  
  27  9:33  Pylon  
  27  9:40  Photon Cannon  
  27  9:42  Photon Cannon  
  27  9:45  Photon Cannon  
  26  10:49  Khaydarin Monolith  
  26  10:54  Photon Cannon  
  26  10:56  Photon Cannon  
  25  11:21  Probe (Chrono Boost)  
  26  11:33  Probe (Chrono Boost)  
  27  11:45  Probe (Chrono Boost)  
  28  12:06  Pylon  
  28  12:10  Photon Cannon  
  28  12:14  Photon Cannon  
  28  12:17  Photon Cannon  
  28  12:21  Photon Cannon  
  28  12:24  Photon Cannon  
  28  12:26  Photon Cannon  
  27  12:48  Photon Cannon  
  27  13:03  Nexus  
  27  13:17  Pylon  
  27  13:20  Photon Cannon  
  27  13:38  Photon Cannon  
  27  13:44  Photon Cannon  
  27  13:52  Probe (Chrono Boost)  
  27  13:54  Probe (Chrono Boost)  
  27  13:56  Probe (Chrono Boost)  
  27  13:59  Probe (Chrono Boost)  
  31  14:51  Pylon  
  31  14:55  Khaydarin Monolith  
  31  14:58  Khaydarin Monolith  
  31  15:20  Gateway  
  31  15:23  Gateway  
  31  16:07  Pylon  
  31  16:21  Pylon  
  31  16:24  Photon Cannon  
  31  16:27  Photon Cannon  
  31  16:31  Photon Cannon  
  31  16:47  Khaydarin Monolith  
  31  16:54  Photon Cannon  
  31  17:02  Photon Cannon  
  31  17:19  Khaydarin Monolith  
  31  17:28  Pylon  
  31  17:42  Sentinel  
  31  17:43  Sentinel  
  35  17:54  Probe (Chrono Boost), Sentinel x2  
  36  18:01  Sentinel  
  36  18:06  Probe (Chrono Boost)  
  37  18:12  Probe (Chrono Boost)  
  37  18:14  Probe (Chrono Boost)  
  37  18:15  Probe (Chrono Boost)  
  37  18:17  Probe (Chrono Boost)  
  38  18:20  Probe (Chrono Boost)  
  38  18:22  Probe (Chrono Boost)  
  49  18:47  Sentinel  
  51  19:06  Probe (Chrono Boost)  
  52  19:18  Probe (Chrono Boost)  
  52  19:20  Sentinel  
  55  19:30  Probe (Chrono Boost)  
  56  19:42  Probe (Chrono Boost)  
  57  19:54  Probe (Chrono Boost)  
  58  20:09  Pylon  
  58  20:14  Photon Cannon  
  58  20:15  Photon Cannon  
  56  20:24  Photon Cannon  
  56  20:28  Khaydarin Monolith  
  48  20:32  Khaydarin Monolith  
  48  20:33  Khaydarin Monolith  
  48  20:48  Pylon  
  48  20:54  Khaydarin Monolith  
  48  20:59  Photon Cannon  
  48  21:02  Photon Cannon  
  48  21:05  Photon Cannon  
  48  21:11  Photon Cannon  
  48  21:17  Photon Cannon  
  48  21:28  Shield Battery  
  48  21:37  Khaydarin Monolith  
  48  21:50  Khaydarin Monolith  
  48  22:15  Pylon  
  48  22:20  Khaydarin Monolith  
  48  22:32  Khaydarin Monolith  
  48  22:50  Pylon  
  48  22:58  Photon Cannon  
  48  23:02  Khaydarin Monolith  
  48  23:28  Pylon  
  48  23:34  Photon Cannon  
  48  23:42  Khaydarin Monolith  
  48  23:53  Photon Cannon  
  48  24:04  Photon Cannon  
  48  24:07  Photon Cannon  
  48  24:15  Khaydarin Monolith  
  48  24:47  Pylon  
  47  25:05  Probe (Chrono Boost)  
  48  25:17  Probe (Chrono Boost)  
  49  25:29  Probe (Chrono Boost)  
  48  25:41  Probe (Chrono Boost)  
  49  25:53  Probe (Chrono Boost)  
  50  26:20  Probe (Chrono Boost)  
  51  26:32  Probe (Chrono Boost)  
  50  27:29  Pylon  
  50  27:33  Khaydarin Monolith  
  50  27:36  Khaydarin Monolith  
  50  27:38  Khaydarin Monolith  
  50  27:44  Khaydarin Monolith  
  50  27:45  Khaydarin Monolith  
  50  27:53  Pylon  
  50  27:57  Photon Cannon x2  
  49  28:00  Photon Cannon  
  49  28:01  Photon Cannon  
Show
View Real Time Build Order
Export as new Build Order

NamroodTuo Terran 

Build Orders:  

Get SALT Encoding   

  12  0:12  SCV  
  13  0:23  SCV  
  14  0:35  SCV  
  15  0:45  Supply Depot  
  15  1:02  SCV  
  16  1:11  Refinery  
  16  1:14  SCV  
  16  1:15  Refinery  
  17  1:26  SCV  
  18  1:37  SCV  
  18  1:49  SCV  
  20  2:01  SCV  
  21  2:11  Factory  
  21  2:13  SCV  
  22  2:30  Supply Depot  
  22  2:47  SCV  
  22  2:59  SCV, Hellbat  
  26  3:20  Hellbat  
  28  3:53  Perdition Turret  
  28  4:09  Perdition Turret  
  28  4:21  Factory Tech Reactor  
  28  4:22  Perdition Turret  
  28  4:44  Armory  
  28  5:07  SCV  
  28  5:09  Devastation Turret  
  29  5:10  Devastation Turret  
  29  5:11  Devastation Turret  
  29  5:34  Siege Tank, Supply Depot  
  29  5:52  Supply Depot  
  32  6:10  Supply Depot  
  32  6:37  Siege Tank  
  32  6:42  Advanced Optics  
  32  6:43  Maelstrom Rounds  
  35  7:01  Siege Tank  
  35  7:06  Supply Depot  
  35  7:10  SCV  
  35  7:11  Upgrade Laser Drill Level 1  
  36  7:21  Supply Depot  
  36  7:50  Starport  
  36  7:54  SCV  
  37  8:00  Siege Tank x2  
  37  8:06  SCV  
  38  8:20  Terran Vehicle And Ship Armor Level 1  
  38  8:30  Regenerative Bio-Steel  
  36  8:59  Starport Tech Reactor  
  36  9:06  Starport  
  36  9:18  SCV  
  37  9:30  SCV  
  37  9:32  Supply Depot  
  37  9:39  Siege Tank x3  
  38  9:42  SCV  
  38  9:49  Engineering Bay  
  39  9:51  SCV  
  40  10:03  Devastation Turret  
  43  10:21  Siege Tank  
  43  10:23  Siege Tank  
  49  10:39  Terran Vehicle and Ship Weapons Level 1  
  49  10:40  Starport Tech Reactor  
  49  10:53  Supply Depot  
  49  10:55  Supply Depot  
  49  11:01  Siege Tank x5  
  49  11:13  Siege Tank x5  
  49  11:34  Terran Vehicle And Ship Armor Level 2  
  49  11:38  Siege Tank  
  49  13:05  Hercules, Supply Depot  
  49  13:06  Science Vessel  
  52  13:10  Science Vessel, Hercules  
  52  13:11  Siege Tank x5  
  52  13:14  Siege Tank x2  
  65  13:26  Supply Depot  
  65  13:33  Siege Tank x2  
  65  13:39  Siege Tank x2  
  71  14:27  Siege Tank x2  
  71  14:30  Terran Vehicle and Ship Weapons Level 2  
  77  14:58  Siege Tank  
  75  15:52  KMC Auto-Loaders  
  75  17:04  Siege Tank  
  75  17:07  Siege Tank  
  72  17:14  Hi-Sec Auto Tracking  
  63  17:35  Structure Armor  
  69  17:40  Science Vessel  
  69  17:44  Wraith  
  69  17:49  Science Vessel  
  71  17:55  Wraith  
  73  18:02  Wraith  
  79  18:40  Upgrade Laser Drill Level 2  
  79  19:03  Command Center  
  79  19:05  Siege Tank  
  82  20:02  Wraith  
  84  20:42  Science Vessel  
  84  20:44  Wraith  
  84  20:45  Wraith  
  80  21:38  Science Vessel  
  80  21:40  Wraith  
  84  22:13  Science Vessel  
  86  22:23  Science Vessel  
  86  22:29  Wraith  
  86  22:54  Wraith  
  86  22:57  Wraith  
  88  23:27  SCV  
  93  23:32  Refinery  
  93  23:38  SCV  
  93  23:39  Terran Vehicle And Ship Armor Level 3  
  94  23:50  SCV  
  93  24:02  SCV  
  94  24:14  SCV  
  95  24:25  Refinery  
  95  24:58  Science Vessel  
  95  24:59  Wraith x2  
  95  25:00  Wraith  
  101  25:22  Siege Tank x7  
  101  25:23  Siege Tank  
  98  25:34  Wraith  
  75  26:41  Siege Tank x2  
  75  26:42  Science Vessel  
  75  26:43  Science Vessel  
  75  26:44  Wraith x2  
  77  26:58  Science Vessel  
  75  27:04  Wraith  
  75  27:06  Wraith x2  
  75  27:07  Siege Tank  
  72  27:10  Siege Tank  
  72  27:12  Siege Tank  
Tags
 
Commander
KaraxSwann
Matchup
Co-op
Replay Pack
Multiplayer
Add a new tag
Caveats
  • Supply blocks, unpowered buildings, or Contaminate may cause inaccurate times.
  • Supply counts are checked every 10 seconds.